 Dungeon Crawl Stone Soup version 0.30-a0-1160-g6e42c06551 (webtiles) character file.

Game seed: 5688171817139072471

164 qeuew the Vexing (level 5, -1/25 HPs)
             Began as a Spriggan Hexslinger on Apr 25, 2023.
             Slain by a kobold brigand
             ... wielding a +0 dagger of freezing
              (2 damage)
             ... in a sewer.
             The game lasted 00:03:15 (1737 turns).

qeuew the Vexing (Spriggan Hexslinger)              Turns: 1737, Time: 00:03:15

Health: -1/25      AC:  3    Str:  6    XL:     5   Next: 21%
Magic:  9/9        EV: 19    Int: 15    God:
Gold:   111        SH:  0    Dex: 23    Spells: 4/8 levels left

rFire   . . .        a - +1 sling
rCold   . . .        (no shield)
rNeg    . . .        c - +1 robe
rPois   .            (helmet restricted)
rElec   .            (no cloak)
rCorr   .            (gloves unavailable)
SInv    +            (boots unavailable)
Will    .....        (no amulet)
Stlth   ++           h - +6 ring of dexterity
HPRegen 0.24/turn    (no ring)
MPRegen 0.11/turn

%: no passive effects
@: very quick
A: very small, no large weapons, unfitting armour, see invisible, speed 3
a: no special abilities


You were in a sewer.
You visited 1 branch of the dungeon, and saw 3 of its levels.
You also visited: Sewer.

You collected 111 gold pieces.

Inventory:

Hand Weapons
 a - a +1 sling (weapon)
Armour
 c - a +1 robe (worn)
Jewellery
 h - a +6 ring of dexterity (left hand)
Scrolls
 b - a scroll of poison
 d - a scroll of amnesia
 i - a scroll of noise {unknown}
 j - a scroll of blinking
Potions
 e - a potion of invisibility
 f - a potion of might
 g - a potion of mutation


   Skills:
 + Level 1.5 Fighting
 * Level 3.3 Ranged Weapons
 + Level 3.4 Dodging
 + Level 2.3 Spellcasting
 * Level 5.0 Hexes
 + Level 1.6 Translocations


You had 4 spell levels left.
You knew the following spells:

 Your Spells              Type           Power      Damage    Failure   Level
a - Slow                  Hex            64%        N/A       2%          1
b - Portal Projectile     Hex/Tloc       22%        N/A       17%         3

Your spell library contained the following spells:

 Spells                   Type           Power      Damage    Failure   Level
 Inner Flame              Hex/Fire       9%         N/A       24%         3
 Cause Fear               Hex            8%         N/A       26%         4


Dungeon Overview and Level Annotations

Branches:
Dungeon (3/15)              Sewer (1/1)

Altars:


Innate Abilities, Weirdness & Mutations

You are very small and have problems with some larger weapons.
You are too small for most types of armour.
You have supernaturally acute eyesight. (SInv)
You cover ground extremely quickly. (Speed+++)


Message History

You shoot a sling bullet.
The sling bullet closely misses the kobold brigand.
The sling bullet hits the kobold.
The kobold is severely wounded.
You feel sick.
You shoot a sling bullet.
The sling bullet barely misses the kobold brigand.
The sling bullet hits the kobold.
You kill the kobold!
You feel sick.
You shoot a sling bullet.
The sling bullet closely misses the kobold brigand.
The sling bullet closely misses the kobold.
You feel sick.
You shoot a sling bullet.
The sling bullet closely misses the kobold brigand.
The sling bullet hits the kobold.
You kill the kobold!
You feel sick.
The kobold brigand hits you with a +0 dagger of freezing.
The kobold brigand freezes you.
You are too injured to fight recklessly!
You are too injured to fight recklessly!
You are too injured to fight recklessly!
You are too injured to fight recklessly!
You are too injured to fight recklessly!
You are too injured to fight recklessly!
You are too injured to fight recklessly!
Unknown command.
You shoot a sling bullet.
The sling bullet hits the kobold brigand!
The kobold brigand is severely wounded.
You feel sick.
You are no longer poisoned.
The kobold brigand hits you with a +0 dagger of freezing.
The kobold brigand freezes you.
The kobold brigand hits you with a +0 dagger of freezing!
* * * LOW HITPOINT WARNING * * *
The kobold brigand freezes you.
You die... ####################### K~~K~~~~..))).†K@†.†..# #######################

You could see a kobold brigand.

Vanquished Creatures
  3 adders
  A gnoll (D:3)
  5 river rats
  A worm (D:2)
  A dart slug (D:2)
  9 bats
  7 endoplasms
  6 giant cockroaches
  6 goblins
  2 hobgoblins (D:1)
  8 jackals
  7 kobolds
  4 quokkas (D:2)
  4 ball pythons
  2 frilled lizards (D:1)
  6 rats
72 creatures vanquished.

Notes
Turn   | Place    | Note
-------+----------+-------------------------------------------
     0 | D:1      | qeuew the Spriggan Hexslinger began the quest for the Orb.
     0 | D:1      | Reached XP level 1. HP: 9/9 MP: 3/3
   105 | D:1      | Reached XP level 2. HP: 14/14 MP: 3/5
   174 | D:1      | Reached skill level 1 in Fighting
   174 | D:1      | Reached skill level 4 in Hexes
   311 | D:1      | Reached XP level 3. HP: 12/18 MP: 6/6
   315 | D:1      | Learned a level 3 spell: Portal Projectile
  1131 | D:2      | Identified the +6 dagger of the Wizarding Badger {vamp, rC-
                  | rN+++ SInv}
  1171 | D:2      | Reached skill level 1 in Translocations
  1171 | D:2      | Reached XP level 4. HP: 16/22 MP: 7/7
  1486 | D:3      | Found a glowing drain.
  1534 | Sewer    | Entered a sewer
  1556 | Sewer    | Reached XP level 5. HP: 15/25 MP: 9/9
  1642 | Sewer    | Reached skill level 5 in Hexes
  1737 | Sewer    | HP: 1/25 [kobold brigand/+0 dagger of freezing (8)]
  1737 | Sewer    | Slain by a kobold brigand

Illustrated notes

Levels and vault maps discovered:
D:1:      saegor_arrival_under_anarchy, layout_loops_ring
D:2:      minmay_chambers_of_ones, layout_rooms
D:3:      layout_rooms, portal_sewer_entry_a, uniq_ijyb
Sewer:    sewer_kobolds

Skill      XL: |  1  2  3  4  5 |
---------------+----------------+-----
Fighting       | 1 |  1.5
Dodging        | 3 |  3.4
Hexes          | 4 5 |  5.0
Translocations | 1 |  1.6
Spellcasting   | 2 |  2.3
Ranged Weapons | 3 |  3.3

Action                     |  1- 3 |  4- 6 || total
---------------------------+-------+-------++-------
   Fire: Sling             |   127 |    96 ||   223
   Cast: Slow              |       |     2 ||     2
    Use: Scroll            |     3 |     6 ||     9
         Potion            |       |     1 ||     1
 Armour: Robe              |     8 |    11 ||    19
  Dodge: Dodged            |    66 |    61 ||   127

Table legend: (Time is in decaauts)
 A = Elapsed time spent in this place.
 B = Non-inter-level travel time spent in this place.
 C = Inter-level travel time spent in this place.
 D = Time resting spent in this place.
 E = Time spent auto-exploring this place.
 F = Levels seen in this place.
 G = Mean time per level.
                   A        B        C        D        E       F      G
               +--------+--------+--------+--------+--------+-----+--------+
         Total |   1345 |   1282 |     63 |      8 |    851 |   4 |  336.2 |
       Dungeon |   1140 |   1077 |     63 |      8 |    756 |   3 |  380.0 |
         Sewer |    204 |    204 |      0 |      0 |     95 |   1 |  204.0 |
               +--------+--------+--------+--------+--------+-----+--------+

Top non-repeatable levels by time:
     D:2: 580 daAuts
     D:1: 527 daAuts
   Sewer: 204 daAuts
     D:3: 32 daAuts
